 Dungeon Crawl Stone Soup version 0.30-a0-626-gd6a5dd7a1f (webtiles) character file.

Game seed: 10501891030333208675

8439 Newt the Trooper (level 11, -1/79 (84) HPs)
             Began as a Demonspawn Gladiator on Jan 11, 2023.
             Was an Elder of Dithmenos.
             Killed from afar by Josephine (23 damage)
             ... with a ghostly fireball
             ... on level 10 of the Dungeon.
             The game lasted 00:11:16 (10445 turns).

Newt the Trooper (Demonspawn Gladiator)            Turns: 10445, Time: 00:11:17

HP:   -1/79 (84)    AC: 14    Str: 16    XL:     11   Next: 9%
MP:   0/27          EV: 13    Int:  9    God:    Dithmenos [****..]
Gold: 605           SH: 11    Dex: 21    Spells: 20/20 levels left

rFire   . . .      SeeInvis .    O - +5 war axe (drain)
rCold   + . .      Faith    .    r - +0 kite shield
rNeg    . . .      Spirit   +    t - +0 leather armour of the Bagpipe {Dex+3}
rPois   .          Reflect  .    c - +1 helmet
rElec   .          Harm     .    Q - scarf {repulsion}
rCorr   .          Rampage  .    (no gloves)
Will    .....                    (no boots)
Stlth   +++++                    g - amulet of guardian spirit
HPRegen 0.33/turn                D - ring of magical power
MPRegen 0.20/turn                q - ring of protection from cold

@: sanguine armoured, wreathed by umbra, studying Conjurations, drained, repel
missiles
A: demonic guardian 1, sanguine armour 2, demonic magic 1, demonic touch 1
a: Renounce Religion, Shadow Step


You were on level 10 of the Dungeon.
You worshipped Dithmenos.
Dithmenos was greatly pleased with you.
You visited 1 branch of the dungeon, and saw 10 of its levels.
You visited the Abyss 1 time.

You collected 690 gold pieces.
You spent 85 gold pieces at shops.

Inventory:

Hand Weapons
 a - a +0 rapier
 o - a +5 war axe
 u - a +2 short sword of electrocution
 I - the +7 spear of Honour {heavy, rElec rPois Will+}
   (You found it on level 7 of the Dungeon)

   rElec:     It insulates you from electricity.
   rPois:     It protects you from poison.
   Will:      It increases your willpower.
 K - a +3 antimagic dagger
 O - a +5 war axe of draining (weapon)
Missiles
 e - a javelin (quivered)
 m - 15 boomerangs
 z - 12 poisoned darts
 G - 2 throwing nets
Armour
 b - a +0 leather armour
 c - a +1 helmet (worn)
 r - a +0 kite shield (worn)
 t - the +0 leather armour of the Bagpipe (worn) {Dex+3}
   (You found it on level 3 of the Dungeon)

   Dex:       It affects your dexterity (+3).
 B - a +0 cloak of poison resistance
 H - +0 swamp dragon scales
 Q - a scarf of repulsion (worn)
Jewellery
 g - an amulet of guardian spirit (around neck)
 l - a ring of flight
 q - a ring of protection from cold (right hand)
 D - a ring of magical power (left hand)
 L - a +6 ring of dexterity
Wands
 d - a wand of roots (25)
 v - a wand of acid (7)
 C - a wand of flame (14)
 M - a wand of digging (5)
Scrolls
 k - 2 scrolls of fog
 s - 7 scrolls of teleportation
 y - a scroll of fear
 A - a scroll of enchant armour
 E - a scroll of blinking {unknown}
 J - a scroll of immolation {unknown}
 R - a scroll of vulnerability {unknown}
 S - a scroll of identify
Potions
 f - 3 potions of haste
 h - 3 potions of might
 i - 4 potions of degeneration
 j - 5 potions of heal wounds
 n - 5 potions of curing
 p - 2 potions of flight
 w - a potion of lignification
 x - a potion of berserk rage
 F - a potion of resistance
 N - 2 potions of invisibility {unknown}
 P - 2 potions of brilliance {unknown}
 T - a potion of ambrosia {unknown}


   Skills:
 - Level 7.0 Fighting
 - Level 4.0 Short Blades
 - Level 4.5(6.0) Axes
 - Level 6.0(6.7) Polearms
 - Level 1.7 Throwing
 - Level 5.0 Armour
 - Level 5.0 Dodging
 - Level 6.0 Stealth
 - Level 5.0 Shields
 - Level 5.0 Spellcasting
 + Level 4.0 Evocations


You had 20 spell levels left.
You didn't know any spells.
Your spell library contained the following spells:

 Spells                   Type           Power      Damage    Failure   Level
 Summon Small Mammal      Summ           8%         N/A       63%         1
 Call Canine Familiar     Summ           2%         N/A       94%         3
 Summon Guardian Golem    Hex/Summ       2%         N/A       94%         3


Dungeon Overview and Level Annotations

Branches:
Dungeon (10/15)            Temple (0/1) D:5            Lair (0/5) D:10
    Orc: D:9-12

Altars:
Ashenzari
Dithmenos
Hepliaklqana
Kikubaaqudgha
Nemelex Xobeh
Okawaru
Ru
Vehumet
Yredelemnul

Shops:
D:1 =   D:5 (   D:9 *

Annotations:
D:10 Josephine, Urug


Innate Abilities, Weirdness & Mutations

A weak demonic guardian rushes to your aid.
When seriously injured, your blood forms thick armour. (AC +9)
Spells you cast may paralyse adjacent enemies.
Your touch may inflict minor irresistible damage on your foes.


Message History

The warg attacks as you move away! The warg barely misses you.
Josephine grins malevolently.
You block the killer bee's attack.
You hit the killer bee.
The killer bee is lightly wounded.
You block the killer bee's attack.
The killer bee stings you but does no damage.
You miss the killer bee.
The killer bee is lightly wounded.
You block the killer bee's attack. The killer bee closely misses you.
You block the killer bee's attack.
You barely miss the killer bee.
The killer bee is lightly wounded.
The killer bee closely misses you. You block the killer bee's attack.
Josephine screams, "I have something special for you."
Throw: 3 throwing nets
Press: ? - help, Shift-Dir - straight line, f - Josephine
Aim: Josephine, wielding a +3 dagger and wearing a +0 robe (umbra, 65% to hit)
You throw a throwing net. The throwing net hits Josephine.
Josephine is caught in the net!
Josephine struggles against the net.
You slash Josephine!
Josephine is lightly wounded.
Josephine struggles against the net.
You hit Josephine.
Josephine is lightly wounded.
Josephine struggles against the net. x2
You slash Josephine!
Josephine is moderately wounded.
Josephine struggles against the net.
You slash Josephine!
Josephine is heavily wounded.
Josephine struggles against the net.
The net rips apart, and Josephine comes free!
You barely miss Josephine.
Josephine is heavily wounded.
Josephine points at you and mumbles some strange words.
The ghostly flame explodes!
The ghostly fireball engulfs you!!!
You feel drained.
You die...

... ... ..# #..
.. ..# ..# #.#
#.# ..# ..# #.##
#.# #.# ..###.>#
#.. #.# Wy@.y.#
#.# #.# #.###@#
#.# #.# #.# #.#
#.####.# ..#
#.#######Wh@@..#
#.#
#..|......y###.#
#.# #####.#.##.#
#.# #..
.....##.###.#
...
#####.##.....#
#.####.### #.#
#.# #.# #.# #.#
#.#


You could see Josephine, a wraith, a warg and a killer bee.

Vanquished Creatures
  A two-headed ogre (D:8)
  A deep elf pyromancer (D:8)
  A cyclops (D:8)
  Joseph (D:10)
  2 gargoyles
  Maggie (D:7)
  A yaktaur (D:8)
  2 hornets (D:8)
  A yak (D:8)
  4 steam dragons
  An acid dragon (D:6)
  5 water moccasins
  3 black bears
  2 orc warriors
  5 ice beasts
  3 centaurs
  A phantom (D:6)
  4 kobold brigands
  5 bullfrogs
  2 gnoll sergeants (D:8)
  7 wights
  2 necrophages
  3 scorpions (D:7)
  11 killer bees
  2 howler monkeys (D:8)
  8 orc priests
  2 hounds (D:4)
  Crazy Yiuf (D:5)
  2 jellies
  An iguana (D:5)
  2 orc wizards
  4 gnolls (D:6)
  10 adders
  A white imp (D:6)
  A worm (D:5)
  3 dart slugs
  21 orcs
  5 ball pythons
  2 bats
  5 endoplasms
  4 giant cockroaches
  5 goblins
  7 hobgoblins
  4 jackals
  4 quokkas
  3 training dummies (D:5)
  2 frilled lizards
  14 kobolds
  7 rats
189 creatures vanquished.

Vanquished Creatures (collateral kills)
  An ogre (D:5)
  A killer bee (D:10)
  An orc priest (D:5)
  2 jackals (D:5)
5 creatures vanquished.

Vanquished Creatures (others)
  A human (D:9)
1 creature vanquished.

Grand Total: 195 creatures vanquished

Notes
Turn   | Place    | Note
-------+----------+-------------------------------------------
     0 | D:1      | Newt the Demonspawn Gladiator began the quest for the Orb.
     0 | D:1      | Reached XP level 1. HP: 16/16 MP: 1/1
   126 | D:1      | Reached skill level 1 in Stealth
   145 | D:1      | Found Ciqihapn's Jewellery Boutique.
   152 | D:1      | Gained mutation: When seriously injured, your blood forms
                  | armour. (AC +9) [demonic ancestry]
   152 | D:1      | Reached XP level 2. HP: 21/22 MP: 2/2
   250 | D:1      | You fall into a shaft and drop 1 floor!
   302 | D:2      | Found a faded altar of an unknown god.
   339 | D:2      | Prayed at the altar of an unknown god.
   339 | D:2      | Became a worshipper of Dithmenos the Shadowed
   339 | D:2      | Reached * piety under Dithmenos
   558 | D:1      | Reached XP level 3. HP: 27/27 MP: 3/3
  1379 | D:3      | Identified the +0 leather armour of the Bagpipe {Dex+3}
  1443 | D:3      | Found a broken altar of Ashenzari.
  1541 | D:3      | Gained mutation: A weak demonic guardian rushes to your
                  | aid. [demonic ancestry]
  1541 | D:3      | Reached XP level 4. HP: 8/33 MP: 0/4
  1662 | D:2      | Reached ** piety under Dithmenos
  1839 | D:3      | Noticed an ice beast
  1863 | D:3      | Killed an ice beast
  1864 | D:3      | Gained mutation: When seriously injured, your blood forms
                  | thick armour. (AC +9) [demonic ancestry]
  1864 | D:3      | Reached XP level 5. HP: 23/38 MP: 5/5
  2618 | D:4      | Gained mutation: Your touch may inflict minor irresistible
                  | damage on your foes. [demonic ancestry]
  2618 | D:4      | Reached XP level 6. HP: 41/41 MP: 6/6
  3677 | D:5      | Entered Level 5 of the Dungeon
  3679 | D:5      | Noticed a water moccasin
  3680 | D:5      | Identified a scroll of acquirement
  3680 | D:5      | Acquired a manual of Conjurations
  3686 | D:5      | Killed a water moccasin
  3687 | D:5      | Reached skill level 5 in Shields
  3993 | D:5      | Reached skill level 1 in Spellcasting
  3993 | D:5      | Reached XP level 7. HP: 20/50 MP: 2/8
  4405 | D:5      | Found a staircase to the Ecumenical Temple.
  4422 | D:5      | HP: 2/50 [orc priest/nerve-wracking pain (11)]
  4781 | D:5      | Found a runed translucent door.
  4782 | D:5      | Noticed Crazy Yiuf
  4902 | D:5      | Found Yphiaryu's Firing Range.
  5077 | D:5      | Found a hazy altar of Hepliaklqana.
  5082 | D:5      | Found a sacrificial altar of Ru.
  5089 | D:5      | Found a radiant altar of Vehumet.
  5095 | D:5      | Found a basalt altar of Yredelemnul.
  5102 | D:5      | Found a sparkling altar of Nemelex Xobeh.
  5210 | D:5      | Killed Crazy Yiuf
  5305 | D:6      | Reached skill level 5 in Spellcasting
  5305 | D:6      | Reached XP level 8. HP: 54/56 MP: 15/15
  5376 | D:6      | Reached skill level 3 in Fighting
  5474 | D:6      | Reached skill level 4 in Fighting
  5531 | D:6      | Reached *** piety under Dithmenos
  5779 | D:6      | Reached skill level 5 in Fighting
  6166 | D:7      | Noticed Maggie
  6191 | D:7      | Killed Maggie
  6192 | D:7      | Reached skill level 5 in Dodging
  6359 | D:7      | Found an iron altar of Okawaru.
  6451 | D:7      | Gained mutation: Spells you cast may paralyse adjacent
                  | enemies. [demonic ancestry]
  6451 | D:7      | Reached XP level 9. HP: 68/68 MP: 16/16
  6710 | D:7      | Reached skill level 5 in Stealth
  6713 | D:7      | Identified the +7 spear of Honour {heavy, rElec rPois
                  | Will+}
  6984 | D:8      | Paralysed by a hornet for 1 turns
  6986 | D:8      | Reached skill level 1 in Polearms
  7246 | D:8      | Noticed a yaktaur
  7255 | D:8      | Killed a yaktaur
  7256 | D:8      | Reached skill level 5 in Polearms
  7569 | D:8      | Reached skill level 1 in Armour
  7714 | D:8      | Reached XP level 10. HP: 72/74 MP: 17/17
  8087 | D:8      | Noticed a two-headed ogre
  8100 | D:8      | Killed a two-headed ogre
  8185 | D:8      | Reached skill level 5 in Armour
  8408 | D:8      | Reached skill level 1 in Axes
  8416 | D:8      | Noticed a deep elf pyromancer
  8418 | D:8      | Noticed a cyclops
  8418 | D:8      | Noticed a gargoyle
  8647 | D:7      | Killed a gargoyle
  8773 | D:8      | Reached **** piety under Dithmenos
  8923 | Abyss:1  | Cast into level 1 of the Abyss (gnoll sergeant)
  8958 | Abyss:1  | Noticed a purple very ugly thing
  8980 | Abyss:1  | Noticed a soul eater
  8983 | Abyss:1  | Found a corrupted altar of Lugonu.
  8993 | D:8      | Escaped the Abyss
  8996 | D:8      | Killed a cyclops
  9032 | D:8      | Killed a deep elf pyromancer
  9033 | D:8      | Reached skill level 6 in Fighting
  9460 | D:9      | Noticed a gargoyle
  9479 | D:9      | Killed a gargoyle
  9480 | D:9      | Reached skill level 7 in Fighting
  9480 | D:9      | Reached skill level 1 in Evocations
  9871 | D:9      | Found Xiupt's General Store.
  9883 | D:9      | Reached XP level 11. HP: 62/84 MP: 18/18
 10031 | D:9      | Bought a potion of heal wounds for 85 gold pieces
 10188 | D:9      | Found an ancient bone altar of Kikubaaqudgha.
 10278 | D:10     | Entered Level 10 of the Dungeon
 10320 | D:10     | Found a staircase to the Lair.
 10323 | D:10     | Noticed Joseph
 10339 | D:10     | Killed Joseph
 10403 | D:10     | Noticed Josephine
 10417 | D:10     | Noticed Urug
 10445 | D:10     | Killed from afar by Josephine

Illustrated notes

Levels and vault maps discovered:
D:1:      ncdulo_lavacross, layout_rooms, serial_shops, shop,
          due_unseen_surprise
D:2:      layout_loops_ring, ebering_ecumenical_altar_mist,
          chequers_serial_rivers_micro_c
D:3:      layout_loops_cross, ashenzari_conservatory_becter
D:4:      layout_layer_cave
D:5:      layout_cave_pods, grunt_temple_overflow_octagram,
          minmay_temple_entry_statues_fountains, nicolae_shop_firing_range,
          uniq_crazy_yiuf_cottage
D:6:      layout_gridville
D:7:      layout_loops_ring, okawaru_metal_pillars_3,
          kennysheep_generic_room_13, uniq_maggie
D:8:      nzn_winding_woodlands_stair_cross [nzn_winding_woodlands_5x15_parted,
          nzn_winding_woodlands_center_diamonds,
          nzn_winding_woodlands_5x15_concentric,
          nzn_winding_woodlands_5x5_checkerboard,
          nzn_winding_woodlands_5x5_closed_star,
          nzn_winding_woodlands_5x15_pockets,
          nzn_winding_woodlands_center_pierced_h,
          nzn_winding_woodlands_5x15_default], layout_basic, minivault_26
D:9:      layout_rooms, tgw_kikubaaqudgha, serial_shops, shop
D:10:     layout_loops_ring, mainiacjoe_overflow_cross_hatched,
          lair_entry_dummy, minmay_orc_entry_guard_dogs,
          hangedman_decor_diamond_cutter, uniq_josephine, uniq_urug, uniq_joseph

Skill      XL: |  1  2  3  4  5  6  7  8  9 10 11 |
---------------+----------------------------------+-----
Stealth        | 1 2 3 4 6 |  6.0
Short Blades   | 3 4 |  4.0
Shields        | 2 3 5 |  5.0
Spellcasting   | 1 5 |  5.0
Fighting       | 5 7 |  7.0
Dodging        | 5 |  5.0
Polearms       | 6 |  6.0
Armour         | 2 5 |  5.0
Axes           | 4 |  4.5
Evocations     | 2 4 |  4.0
Throwing       | |  1.7

Action                   |  1- 3 |  4- 6 |  7- 9 | 10-12 || total
-------------------------+-------+-------+-------+-------++-------
Melee: Rapier            |   120 |    80 |       |       ||   200
       Punch             |     1 |       |       |       ||     1
       Short sword       |       |    39 |   199 |       ||   238
       Spear             |       |       |   103 |    48 ||   151
       War axe           |       |       |       |   127 ||   127
Throw: Javelin           |       |     1 |       |       ||     1
       Throwing net      |       |       |     5 |     2 ||     7
  Use: Scroll            |     6 |     8 |       |     3 ||    17
       Potion            |       |       |     1 |     3 ||     4
 Stab: Sleeping          |     8 |     6 |    19 |     8 ||    41
       Distracted        |       |     1 |     2 |     3 ||     6
       Held in net/web   |       |       |     4 |     1 ||     5
Armor: Leather armour    |    29 |    50 |    69 |    60 ||   208
Dodge: Dodged            |    70 |    66 |   164 |   126 ||   426
Block: Kite shield       |     4 |    66 |   176 |   146 ||   392

Table legend: (Time is in decaauts)
 A = Elapsed time spent in this place.
 B = Non-inter-level travel time spent in this place.
 C = Inter-level travel time spent in this place.
 D = Time resting spent in this place.
 E = Time spent auto-exploring this place.
 F = Levels seen in this place.
 G = Mean time per level.
                   A        B        C        D        E       F      G
               +--------+--------+--------+--------+--------+-----+--------+
         Total |  10563 |  10247 |    316 |   1923 |   6576 |  11 |  960.3 |
       Dungeon |  10499 |  10183 |    316 |   1923 |   6576 |  10 | 1049.9 |
         Abyss |     63 |     63 |      0 |      0 |      0 |   1 |   63.0 |
               +--------+--------+--------+--------+--------+-----+--------+

Top non-repeatable levels by time:
     D:8: 1947 daAuts
     D:4: 1604 daAuts
     D:7: 1285 daAuts
     D:5: 1273 daAuts
     D:2: 992 daAuts
     D:9: 946 daAuts
     D:6: 863 daAuts
     D:3: 831 daAuts
     D:1: 570 daAuts
    D:10: 184 daAuts
 Abyss:1: 63 daAuts
